AoeStats
← audi_225

Hideout

503418683Analyzed
2v2 RM · 1mo ago on Aug 31, 2026· 17m 26s· 4 players
Game mode
Random Map
Map size
Medium (4 player)
Population
200
Speed
Normal
Resources
Standard
Victory
Conquest
Starting age
Dark Age
Ending age
Imperial Age
RankedLock teamsTeams togetherTeam positionsShared explorationLock speedFull tech treeHidden civsTurbo modeCheats
Victory
Defeat
🇲🇽 Armenians · Mexico
1521
+15
🇺🇦 Dravidians · Ukraine
1449
+18
🇩🇪 Wei · Germany
1492
-16
🇩🇪 Georgians · Germany
1491
-16
audi_225
6:12 Loom
9:04 Feudal Age
9:52 Double-Bit Axe
11:49 Fletching
操你那婊子媽
8:29 Feudal Age
8:34 Man-at-Arms
9:46 Long Swordsman
10:52 Arson
12:21 Double-Bit Axe
Lemon
8:26 Feudal Age
8:52 Double-Bit Axe
8:47 Horse Collar
10:44 Stone Mining
13:22 Loom
17:09 Castle Age
Bitter Lemon
6:37 Loom
9:32 Feudal Age
14:38 Fletching
Connection lost

Rejoining the realm…

Still unreachable

The connection could not be restored.

Session expired

The server has moved on; the page needs a fresh start.